 Dungeon Crawl Stone Soup version 0.32-a0-995-gb4a59205af (webtiles) character file.

Game seed: 9615054062470054884

2912986 Ge0ff the Coglin Porcupine (level 27, 224/224 HPs)
             Began as a Coglin Wanderer on Apr 21, 2024.
             Was the Champion of Jiyva.
             Escaped with the Orb
             ... and 4 runes
             ... and 2 gems on Apr 22, 2024!
             The game lasted 02:58:11 (55811 turns).

Ge0ff the Coglin Porcupine (Coglin Wanderer)       Turns: 55811, Time: 02:58:11

Health: 224/224    AC: 32    Str: 28    XL:     27
Magic:  42/42      EV: 15    Int: 25    God:    Jiyva [******]
Gold:   133        SH:  0    Dex: 14    Spells: 32/40 levels left

rFire   + . .        a - +4 demon trident (venom) {Fuyuko}
rCold   + . .        t - +8 trishula "Condemnation" {holy, anguish, *Noise Fly rN+}
rNeg    + + .        r - +3 plate armour of Integrity {rElec Will+ Str+3}
rPois   +            D - +4 hat "Byssepij" {rN+ MP+9 Int+3 Slay+2}
rElec   +            e - +4 dragonskin cloak {Aegis}
rCorr   +            n - +2 pair of gloves
SInv    .            m - +0 pair of boots of Loucecw {rPois Str+4 Int+3}
Will    +++..        (amulet unavailable) Stlth
                     (ring unavailable)
HPRegen 2.17/turn    (ring unavailable)
MPRegen 1.08/turn    N - automatic superwhirligig {Rampage Acrobat rF+ Slay+3}

%: acrobat, rampage
@: flying, revving
A: off-hand wielding, slow wielding, warmup strikes, no jewellery, antennae 1,
clever 1, cold resistance 1, mutation resistance 1, electricity resistance, wild
magic 3, gelatinous body 1, pseudopods 2, tendrils, MP-powered wands, sturdy
frame 3, engulf
0: Orb of Zot
}: 4/15 runes: barnacled, slimy, silver, gossamer
a: Renounce Religion, Oozemancy, Slimify


You escaped.
You worshipped Jiyva.
Jiyva was exalted by your worship.
You visited 11 branches of the dungeon, and saw 53 of its levels.
You also visited: Sewer and Ice Cave.

You collected 6108 gold pieces.
You spent 5975 gold pieces at shops.

Inventory:

Hand Weapons
 a - a +4 demon trident of venom (weapon) {Fuyuko}
 b - the +8 spear of the Lettuce {drain, rElec MP+9 Dex-5}
   (You found it on level 8 of the Dungeon)

   Dex-5:     It affects your dexterity (-5).
   rElec:     It insulates you from electricity.
   MP+9:      It affects your magic capacity (+9).
 t - the +8 trishula "Condemnation" (offhand) {holy, anguish, *Noise Fly rN+}
   (You found it on level 5 of the Vaults)

   rN+:       It protects you from negative energy.
   Fly:       It grants you flight.
   *Noise:    It may make a loud noise when swung.
 G - a +3 demon trident of flaming
 Y - a +1 vampiric broad axe
Missiles
 g - 2 throwing nets {=F}
 h - 4 silver javelins
 i - 5 javelins
 v - 6 curare-tipped darts {=F}
 w - 5 darts of dispersal
 Q - 27 boomerangs (quivered)
Armour
 e - the +4 dragonskin cloak (worn) {Aegis}
   (You found it on level 4 of the Depths)

   Avatar's Aegis: It grants the wearer a chance to resist fire, cold, poison,
   electricity, acid, and negative energy.
 m - the +0 pair of boots of Loucecw (worn) {rPois Str+4 Int+3}
   (You found it on level 5 of the Pits of Slime)

   Str+4:     It affects your strength (+4).
   Int+3:     It affects your intelligence (+3).
   rPois:     It protects you from poison.
 n - a +2 pair of gloves (worn)
 r - the +3 plate armour of Integrity (worn) {rElec Will+ Str+3}
   (You bought it in a shop on level 2 of the Orcish Mines)

   Str+3:     It affects your strength (+3).
   rElec:     It insulates you from electricity.
   Will+:     It increases your willpower.
 D - the +4 hat "Byssepij" (worn) {rN+ MP+9 Int+3 Slay+2}
   (You acquired it on level 13 of the Dungeon)

   Int+3:     It affects your intelligence (+3).
   Slay+2:    It affects your accuracy & damage with ranged weapons and melee
   (+2).
   rN+:       It protects you from negative energy.
   MP+9:      It affects your magic capacity (+9).
Gizmo
 N - an automatic superwhirligig (installed) {Rampage Acrobat rF+ Slay+3}
   (You invented it yourself on level 4 of the Lair of Beasts)

   [automatic superwhirligig]

   Slay+3:    It affects your accuracy & damage with ranged weapons and melee
   (+3).
   rF+:       It protects you from fire.
   Rampage:   It bestows one free step when moving towards enemies.
   Acrobat:   It increases your evasion after moving or waiting.
Wands
 d - a wand of digging (11)
 f - a wand of flame (36)
 j - a wand of light (8)
 k - a wand of warping (28)
 p - a wand of paralysis (31)
 s - a wand of mindburst (17)
 P - a wand of polymorph (17)
Scrolls
 y - 3 scrolls of immolation
 B - 7 scrolls of blinking
 C - 7 scrolls of poison
 E - 10 scrolls of fear
 F - 3 scrolls of fog
 J - a scroll of silence {!r}
 S - a scroll of summoning
 T - 19 scrolls of teleportation
 V - 5 scrolls of vulnerability
Potions
 o - 3 potions of ambrosia
 q - 21 potions of curing
 u - 4 potions of mutation {!q}
 z - 8 potions of brilliance
 A - a potion of attraction
 H - 5 potions of haste {!q}
 I - 2 potions of invisibility
 K - 5 potions of magic {!q}
 L - 3 potions of lignification
 M - 7 potions of might
 R - 2 potions of resistance
 W - 4 potions of heal wounds {!q}
 X - 4 potions of enlightenment
 Z - 4 potions of berserk rage {!q}
Miscellaneous
 c - a condenser vane
 l - a lightning rod (4/4)
 x - a Gell's gravitambourine (2/2)
 O - a box of beasts
 U - a phantom mirror


   Skills:
 + Level 20.0 Fighting
 - Level 3.0 Short Blades
 - Level 16.0 Maces & Flails
 O Level 27 Polearms
 - Level 6.0 Throwing
 - Level 17.0 Armour
 - Level 11.0 Dodging
 - Level 1.0 Stealth
 - Level 7.0 Spellcasting
 - Level 10.0 Conjurations
 - Level 5.0 Translocations
 - Level 12.0 Alchemy
 - Level 15.0 Evocations
 - Level 1.0 Shapeshifting


You had 32 spell levels left.
You knew the following spells:

 Your Spells              Type           Power      Damage    Failure   Level
g - Apportation           Tloc           100%       N/A       10%         1
B - Blink                 Tloc           100%       N/A       12%         2
E - Irradiate             Conj/Alch      44%        3d26      16%         5

Your spell library contained the following spells:

 Spells                   Type           Power      Damage    Failure   Level
 Sting                    Conj/Alch      100%       1d9       2%          1
 Magic Dart               Conj           100%       1d8       3%          1
 Searing Ray              Conj           100%       2d8       4%          2
 Momentum Strike          Conj/Tloc      100%       3d10      6%          2
 Fulminant Prism          Conj/Alch      44%        3d19      9%          4
 Mercury Vapours          Alch/Air       100%       N/A       10%         2
 Mephitic Cloud           Conj/Alch/Air  72%        N/A       10%         3
 Dazzling Flash           Conj/Hex       100%       N/A       19%         3
 Hailstorm                Conj/Ice       59%        3d11      19%         3
 Maxwell's Portable Pile  Tloc           59%        2d(11-31) 19%         3
 Iskenderun's Mystic Bla  Conj/Tloc      73%        2d15      (+2d821%    4
 Iskenderun's Battlesphe  Conj           84%        2d13      21%         5
 Ignite Poison            Fire/Alch      65%        N/A       32%         4
 Leda's Liquefaction      Alch/Erth      32%        N/A       32%         4
 Petrify                  Alch/Erth      65%        N/A       32%         4
 Sticky Flame             Fire/Alch      65%        2d11      32%         4
 Necrotise                Necr           64%        1d7       36%         1
 Summon Small Mammal      Summ           64%        N/A       36%         1
 Eringya's Noxious Bog    Alch           46%        4d6       38%         6
 Brom's Barrelling Bould  Conj/Erth      59%        2d7       41%         4
 Call Imp                 Summ           32%        N/A       45%         2
 Sublimation of Blood     Necr           16%        N/A       45%         2
 Call Canine Familiar     Summ           16%        N/A       65%         3
 Frozen Ramparts          Ice            32%        1d5       65%         3
 Fugue of the Fallen      Necr           16%        N/A       65%         3
 Inner Flame              Hex/Fire       16%        N/A       65%         3
 Ozocubu's Armour         Ice            16%        N/A       65%         3
 Sigil of Binding         Hex            16%        N/A       65%         3
 Summon Ice Beast         Ice/Summ       16%        N/A       65%         3
 Tukima's Dance           Hex            16%        N/A       65%         3
 Dimensional Bullseye     Hex/Tloc       20%        N/A       69%         4
 Arcjolt                  Conj/Air       29%        1d39      69%         5
 Fireball                 Conj/Fire      29%        3d13      69%         5
 Freezing Cloud           Conj/Ice/Air   24%        6-21      88%         5
 Animate Dead             Necr           16%        N/A       94%         4
 Cause Fear               Hex            8%         N/A       94%         4
 Dispel Undead            Necr           16%        3d10      94%         4
 Summon Blazeheart Golem  Fire/Summ      16%        N/A       94%         4
 Summon Forest            Summ/Tloc      20%        N/A       94%         5
 Sculpt Simulacrum        Ice/Alch       32%        N/A       97%         6
 Borgnjor's Vile Clutch   Necr/Erth      8%         N/A       99%         5
 Metabolic Englaciation   Hex/Ice        8%         N/A       99%         5
 Bombard                  Conj/Erth      29%        9d5       99%         6
 Starburst                Conj/Fire      29%        6d9       99%         6
 Death Channel            Necr           8%         N/A       100%        6
 Permafrost Eruption      Ice/Erth       8%         2x4d3     100%        6
 Magnavolt                Erth/Air       8%         3d11      100%        7
 Manifold Assault         Tloc           29%        N/A       100%        7
 Seismic Cannonade        Alch/Erth      32%        6d12      100%        7
 Spellforged Servitor     Conj/Summ      29%        N/A       100%        7
 Summon Hydra             Summ           8%         N/A       100%        7
 Fulsome Fusillade        Conj/Alch      44%        (3-5)d13  100%        8
 Ignition                 Fire           8%         3d5       100%        8
 Infestation              Necr           8%         N/A       100%        8
 Maxwell's Capacitive Co  Air            8%         ∞         100%        8
 Dragon's Call            Summ           8%         N/A       100%        9


Dungeon Overview and Level Annotations

Branches:
Dungeon (15/15)            Temple (1/1) D:7            Lair (5/5) D:11
 Shoals (4/4) Lair:2       Spider (4/4) Lair:2        Slime (5/5) Lair:4
    Orc (2/2) D:11            Elf (3/3) Orc:2        Vaults (5/5) D:14
  Crypt (0/3) Vaults:2     Depths (4/4) D:15            Zot (5/5) Depths:4
  Sewer (visited)           IceCv (visited)

Altars:
Ashenzari
Cheibriados
Dithmenos
Elyvilon
Fedhas
Gozag
Hepliaklqana
Kikubaaqudgha
Makhleb
Nemelex Xobeh
Okawaru
Qazlal
Ru
Sif Muna
Trog
Uskayaw
Vehumet
Wu Jian
Xom
Yredelemnul
Zin
The Shining One
Beogh
Jiyva
Lugonu

Shops:
D:4 ?   D:5 !   D:12 :   Orc:1 ::   Orc:2 [**??   Elf:2 *   Elf:3 !
Shoals:1 (   Shoals:4 *   Vaults:3 (=(=?   Depths:1 :   Depths:4 ::=

Portals:
Hell: Depths:1 Depths:2 Depths:3 Depths:4
Abyss: Depths:2 Depths:3 Depths:4
Pandemonium: Depths:2 Depths:4
Ziggurat: Depths:3

Annotations:
Slime:5 Royal Jelly
Depths:3 Boris


Innate Abilities, Weirdness & Mutations

You can wield a second weapon in your off-hand.
It takes a long time for you to wield or remove held weapons.
Your first few attacks do less damage.
You cannot equip rings or amulets.
You have a pair of small antennae on your head.
Your mind is acute. (Int +4, Str/Dex -1)
Your flesh is cold resistant. (rC+)
You are somewhat resistant to further mutation.
You are resistant to electric shocks. (rElec)
Your spells are much harder to cast, but much more powerful.
Your rubbery body absorbs attacks. (AC +1, EV +1)
Armour fits poorly on your large pseudopods.
You are covered in slimy tendrils that may disarm your opponents.
You expend magic power (3 MP) to strengthen your wands.
Your movements are significantly less encumbered by armour. (ER -6)
Your melee attacks may engulf your foes in ooze.


Message History

You impale the red devil with the +8 trishula "Condemnation"!!
You kill the red devil!
You see here a +0 trident.
You see here a +0 trident.
A profane servitor comes into view. It is wielding a +2 whip.
You reach to attack!
You impale the profane servitor with your +4 demon trident of venom!!
The profane servitor is lightly damaged.
You puncture the profane servitor with the +8 trishula "Condemnation"!
The profane servitor is haunted by guilt!
The trishula "Condemnation" lets out a sacred ringing.
You reach to attack!
You miss the profane servitor with the +8 trishula "Condemnation".
The profane servitor is moderately damaged.
You miss the profane servitor with your +4 demon trident of venom.
You reach to attack!
You puncture the profane servitor with the +8 trishula "Condemnation"!
The profane servitor is moderately damaged.
You completely miss the profane servitor with your +4 demon trident of venom.
You miss the profane servitor with the +8 trishula "Condemnation".
The profane servitor is moderately damaged.
You closely miss the profane servitor with your +4 demon trident of venom.
The profane servitor hits you with a +2 whip.
The profane servitor is wracked by anguish.
The profane servitor hits you but does no damage.
You impale the profane servitor with your +4 demon trident of venom!!
You engulf the profane servitor in ooze!
The profane servitor is heavily damaged.
You impale the profane servitor with the +8 trishula "Condemnation"!!
The profane servitor hits you but does no damage.
The profane servitor hits you with a +2 whip!
You partially resist.
You feel drained.
The profane servitor is wracked by anguish!
You impale the profane servitor with the +8 trishula "Condemnation"!!
Your bludgeon misses the profane servitor.
The profane servitor is almost destroyed.
You puncture the profane servitor with your +4 demon trident of venom!
The profane servitor hits you with a +2 whip!
The profane servitor draws strength from your injuries!
The profane servitor is wracked by anguish!
The profane servitor hits you but does no damage.
You impale the profane servitor with the +8 trishula "Condemnation"!!
You destroy the profane servitor!
Your life force feels restored.
Training target 27.0 for Polearms reached!
You have mastered Polearms!
You need to enable at least one skill for training.
There is a staircase leading out of the dungeon here.
You have escaped!

#.# #.###### ##)#
#.# #..# #)#
########.#########.#
#≈≈≈≈≈≈≈.≈≈≈≈§≈≈##.#
#≈≈≈≈≈.....≈≈≈≈≈##.#
#§≈....~~~....≈≈##.#
#≈...~~~.~~~...≈##.#
#≈..~~..@.~~~......#
#§...~~~.~~~...≈####
#§≈....~~~§§..≈≈#
#≈§≈§§.....≈≈§≈≈#
#§≈§≈≈≈≈§≈§≈≈§≈§#
#################


There were no monsters in sight!

Vanquished Creatures
  2 dread liches
  2 ancient liches
  4 orbs of fire
  Xtahua (Vaults:3)
  A juggernaut (Depths:4)
  The ghost of Muataran the Slayer, a veteran MiMo of Yredelemnul (Zot:2)
  Boris (Vaults:1)
  Saint Roka (Elf:2)
  8 Killer Klowns
  Bai Suzhen (Shoals:3)
  4 curse toes (Zot:5)
  6 caustic shrikes
  Margery (Vaults:3)
  9 golden dragons
  3 bone dragons
  2 profane servitors
  3 electric golems
  The ghost of Panea the Shatterer, an adept FoCA of Wu Jian (Shoals:1)
  A Tzitzimitl (Depths:3)
  17 tentacled monstrosities
  A lich (Depths:1)
  2 deep elf master archers (Elf:3)
  A searing wretch (Vaults:3)
  14 quicksilver dragons
  24 Orb Guardians
  A walking frostbound tome (Depths:3)
  3 titans (Vaults:5)
  3 deep elf blademasters
  6 death cobs
  3 sphinxes
  Polyphemus (Shoals:2)
  2 krakens (Shoals:2)
  Donald (Vaults:1)
  12 storm dragons
  The ghost of shadizar the Gelid, an adept DjCj of Makhleb (Elf:2)
  The ghost of Zapaol the Tortoise, an adept AtFi of Gozag (Spider:1)
  Ilsuiw (Shoals:2)
  13 shadow dragons
  9 tengu reavers
  Roxanne (Spider:3)
  A draconian shifter (Zot:4)
  5 draconian monks
  3 protean progenitors (Zot:2)
  5 draconian knights
  4 emperor scorpions (Spider:4)
  3 iron dragons
  5 deep elf sorcerers
  10 fire giants
  9 frost giants
  2 draconian scorchers
  17 vault wardens
  4 deep elf elementalists (Elf:3)
  A balrug (Depths:2)
  2 caustic shrike zombies
  A juggernaut zombie (Depths:3)
  3 ghost moths
  A demonspawn blood saint (Depths:2)
  A spriggan defender (Depths:2)
  19 very ugly things
  A draconian stormcaller (Zot:4)
  2 orc warlords
  3 reapers
  A draconian annihilator (Zot:4)
  A caustic shrike skeleton (Depths:1)
  22 ironbound preservers
  2 broodmothers
  9 green draconians
  8 stone giants
  10 black draconians
  8 ironbound thunderhulks
  11 deep elf demonologists
  4 purple draconians
  Nessos (D:14)
  9 white draconians
  A lorocyproca (D:4)
  3 deep elf annihilators (Elf:3)
  The ghost of Calechis the Cleaver, a journeyman VSSh of Hepliaklqana (Orc:1)
  8 deep elf death magi
  A dire elephant (Vaults:2)
  9 red draconians
  5 spark wasps
  2 minotaurs (Zot:2)
  8 yellow draconians
  4 war gargoyles
  9 ettins
  2 blizzard demons
  6 merfolk impalers
  2 crystal guardians (Vaults:1)
  4 merfolk javelineers
  11 yaktaur captains
  6 entropy weavers
  10 deep elf high priests
  A quicksilver dragon skeleton (Depths:1)
  9 fire dragons
  2 spriggan zombies
  6 ogre magi
  18 ice dragons
  28 vault guards
  5 rakshasas
  4 hydras
  A hell beast (D:15)
  A spriggan air mage (Depths:4)
  A spriggan skeleton (Depths:1)
  4 catoblepae
  3 peacekeepers
  5 radroaches
  3 merfolk avatars
  13 ironbound frosthearts
  2 jorogumos (Spider:4)
  5 sphinx zombies
  24 centaur warriors
  26 dancing weapons
  13 two-headed ogres
  A death knight (D:15)
  7 satyrs
  15 boulder beetles
  17 death yaks
  5 tengu warriors
  13 deep troll earth magi
  4 deep troll shamans
  5 merfolk aquamancers
  6 soul eaters (Depths:2)
  An orc high priest (Orc:1)
  9 demonic crawlers
  4 spriggan berserkers
  6 titan zombies
  Nergalle (Lair:3)
  14 hell knights
  A storm dragon zombie (Depths:3)
  6 sun demons
  22 deep elf knights
  5 skysharks
  A salamander mystic (Depths:4)
  A skeletal warrior (D:14)
  Amaemon (Lair:2)
  A sixfirhy (Depths:2)
  A titan skeleton (Vaults:2)
  2 golden dragon zombies (Depths:3)
  15 iron trolls
  8 orb spiders
  6 deep elf archers
  8 sea snakes
  5 pharaoh ants
  2 sun moths (Spider:4)
  2 spark wasp zombies (Depths:3)
  2 mana vipers (shapeshifter) (Vaults:5)
  A shadow demon (Depths:4)
  2 spriggan druids (Elf:1)
  68 deep trolls
  6 arcanists
  15 ironbound convokers
  2 orange crystal statues
  2 golden dragon skeletons (Depths:1)
  5 lindwurms
  A shadow dragon zombie (Depths:1)
  6 steelbarb worms
  25 deep elf pyromancers
  21 harpies
  7 necromancers
  13 orc knights
  3 iron dragon zombies
  27 deep elf zephyrmancers
  A lindwurm (shapeshifter) (D:13)
  3 frost giant zombies (Depths:3)
  32 ugly things
  18 wolf spiders
  34 fauns
  6 phantasmal warriors (Vaults:5)
  A tengu zombie (Depths:3)
  A shadow dragon skeleton (Depths:1)
  6 orc sorcerers
  A faun (shapeshifter) (Vaults:5)
  2 fire giant zombies (Depths:3)
  5 tengu skeletons
  3 salamanders (Depths:4)
  24 moths of wrath
  13 cyclopes
  8 merfolk sirens
  A frost giant skeleton (Depths:1)
  2 iron dragon skeletons (Depths:1)
  A meliai (D:14)
  24 elephants
  11 manticores
  4 kobold blastminers
  Maurice (D:8)
  4 water nymphs
  A stone giant skeleton (Vaults:2)
  A meliai (shapeshifter) (Elf:1)
  6 black mambas
  2 torpor snails
  5 smoke demons (Depths:2)
  15 vault sentinels
  A cane toad (shapeshifter) (D:14)
  A gargoyle (D:14)
  An orange demon (Lair:2)
  An elf skeleton (Vaults:1)
  An unseen horror (D:11)
  7 cane toads
  A yaktaur (shapeshifter) (D:14)
  54 yaktaurs
  4 komodo dragons
  4 efreet
  A hellion (Depths:2)
  A kobold demonologist (D:14)
  A komodo dragon (shapeshifter) (D:14)
  5 tengu conjurers
  6 rime drakes
  2 red devils
  3 freezing wraiths
  An ice devil (D:15)
  26 merfolk
  A tyrant leech (Zot:2)
  5 trolls
  15 polar bears
  4 wind drakes
  A tarantella (shapeshifter) (D:14)
  A polar bear (shapeshifter) (Elf:3)
  A hornet (shapeshifter) (Elf:1)
  Grinder (D:3)
  8 blink frogs
  16 jumping spiders
  30 tarantellas
  26 dream sheep
  A glass eye (shapeshifter) (Depths:2)
  An elf zombie (Vaults:1)
  9 snapping turtles
  An iron dragon simulacrum (Depths:1)
  9 water elementals
  A vampire (D:13)
  24 culicivoras
  4 air elementals
  5 wyverns
  A ynoxinul (D:4)
  2 wraiths
  A fire elemental (Elf:1)
  A spriggan simulacrum (Depths:1)
  56 yaks
  4 basilisks
  16 wargs
  A redback (shapeshifter) (Depths:3)
  6 vampire mosquitoes
  53 redbacks
  5 glowing shapeshifter zombies
  3 steam dragons
  An acid dragon (D:14)
  16 water moccasins
  17 orc warriors
  3 black bears
  2 ice beasts
  A black bear (shapeshifter) (D:14)
  An ettin simulacrum (Depths:1)
  3 sky beasts (D:7)
  11 ogres
  16 wolves
  4 centaurs
  A phantom (D:7)
  Blork the orc (D:6)
  A kobold brigand (D:8)
  14 bullfrogs
  2 earth elementals
  2 gnoll sergeants
  A scorpion (shapeshifter) (Elf:1)
  4 scorpions
  8 wights (D:8)
  6 killer bees
  A vampire bat (D:3)
  An electric eel (Lair:5)
  4 howler monkeys
  A jelly (shapeshifter) (D:13)
  A human simulacrum (Vaults:2)
  21 orc priests
  5 hounds
  3 jellies
  Jessica (D:3)
  2 iguanas
  3 sleepcaps
  22 orc wizards
  10 hell rats
  8 gnolls
  9 adders
  7 river rats
  A white imp (D:7)
  A dart slug (D:1)
  3 fire bats (D:3)
  A ribbon worm (D:2)
  94 orcs
  2 spectral bats (D:3)
  8 ball pythons
  3 bat skeletons (D:3)
  A bat zombie (D:3)
  10 endoplasms
  10 giant cockroaches
  4 goblins
  6 hobgoblins
  7 jackals (D:2)
  5 kobolds
  4 quokkas
  13 bats
  A bat simulacrum (D:3)
  5 frilled lizards
  15 rats
  An aspiring flesh (Zot:2)
  7 tentacles (Shoals:2)
2110 creatures vanquished.

Vanquished Creatures (collateral kills)
  A curse toe (Zot:5)
  An ironbound preserver (Vaults:3)
  A merfolk javelineer (Shoals:4)
  An orb spider (Spider:1)
  A faun (Shoals:4)
  A cane toad (Lair:5)
  A gargoyle (D:11)
  2 yaks (Lair:5)
  A redback (Spider:1)
10 creatures vanquished.

Vanquished Creatures (others)
  2 orbs of fire (Zot:5)
  Boris (Vaults:5)
  2 curse toes (Zot:4)
  3 Orb Guardians (Zot:5)
  A quicksilver dragon (Zot:3)
  2 sphinxes
  A draconian knight (Zot:1)
  A vault warden (Vaults:5)
  A balrug (D:4)
  3 formless jellyfish
  A very ugly thing (Vaults:5)
  A draconian annihilator (Zot:4)
  A stone giant (Vaults:4)
  2 ironbound thunderhulks
  A black draconian (Zot:4)
  A war gargoyle (Vaults:5)
  2 purple draconians
  An ettin (Vaults:5)
  A great orb of eyes (Vaults:4)
  2 yaktaur captains
  2 vault guards
  A rakshasa (D:14)
  An ironbound frostheart (Vaults:1)
  A radroach (Zot:2)
  2 centaur warriors
  A deep elf knight (Elf:2)
  A deep troll (Vaults:3)
  An arcanist (Vaults:4)
  4 ironbound convokers
  A harpy (Shoals:4)
  A phantasmal warrior (Vaults:5)
  A deep elf zephyrmancer (Elf:1)
  2 ugly things (Vaults:4)
  4 glass eyes
  A cyclops (D:14)
  2 vault sentinels
  A rime drake (Lair:2)
  4 yaktaurs
  20 slime creatures
  A yak (Lair:3)
  A fire elemental (Elf:1)
  A basilisk (D:14)
  3 vampire mosquitoes (D:12)
  A redback simulacrum (D:14)
  A water moccasin (D:7)
  A black bear (D:7)
  2 centaurs
  A bullfrog (Lair:1)
  298 jellies
  3 orc priests
  An orc wizard (D:6)
  An endoplasm (D:4)
  14 orcs
  5 tentacles (Shoals:2)
415 creatures vanquished.

Grand Total: 2535 creatures vanquished

Notes
Turn   | Place    | Note
-------+----------+-------------------------------------------
     0 | D:1      | Ge0ff the Coglin Wanderer began the quest for the Orb.
     0 | D:1      | Ge0ff set off with the following items: a +3 mace
                  | {Ishpreet}, a +0 leather armour, a +0 dagger {Septima}, a
                  | wand of flame (5), a scroll of fear.
     0 | D:1      | Reached XP level 1. HP: 18/18 MP: 1/1
   333 | D:1      | Found a faded altar of an unknown god.
   336 | D:1      | Reached XP level 2. HP: 24/24 MP: 2/2
   701 | D:2      | Reached skill level 1 in Dodging
   874 | D:2      | Found a shimmering altar of Xom.
   890 | D:2      | Reached XP level 3. HP: 29/29 MP: 3/3
  1777 | D:3      | Reached XP level 4. HP: 35/35 MP: 4/4
  1794 | D:3      | Reached skill level 1 in Armour
  1822 | D:3      | Reached skill level 1 in Short Blades
  1861 | D:3      | Reached XP level 5. HP: 41/41 MP: 5/5
  2064 | D:3      | Noticed Grinder
  2079 | D:3      | Paralysed by Grinder for 2 turns
  2087 | D:3      | Killed Grinder
  2088 | D:3      | Reached skill level 5 in Maces & Flails
  2088 | D:3      | Reached XP level 6. HP: 41/49 MP: 6/6
  2166 | D:3      | Noticed Jessica
  2172 | D:3      | Killed Jessica
  2697 | D:4      | Reached XP level 7. HP: 55/55 MP: 7/7
  2905 | D:4      | Found a glowing drain.
  2913 | Sewer    | Entered a sewer
  3097 | Sewer    | Found a viscous altar of Jiyva.
  3105 | Sewer    | Reached skill level 5 in Fighting
  3247 | Sewer    | Became a worshipper of Jiyva Jyary the Shapeless
  3570 | D:4      | Found Kiwiok Hoi's Magic Scroll Emporium.
  3579 | D:4      | Bought a scroll of enchant armour for 90 gold pieces
  3579 | D:4      | Bought a scroll of identify for 24 gold pieces
  3579 | D:4      | Bought a scroll of identify for 24 gold pieces
  3579 | D:4      | Bought a scroll of identify for 24 gold pieces
  3913 | D:5      | Entered Level 5 of the Dungeon
  3938 | D:5      | Reached * piety under Jiyva
  4183 | D:5      | Reached ** piety under Jiyva
  4200 | D:5      | Reached XP level 8. HP: 62/62 MP: 8/8
  4371 | D:5      | Found Juac's Distillery.
  4499 | D:5      | Bought a potion of curing for 36 gold pieces
  4673 | D:6      | Noticed Blork the orc
  4701 | D:6      | Killed Blork the orc
  4981 | D:6      | Reached XP level 9. HP: 68/72 MP: 9/9
  5259 | D:7      | Found a hazy altar of Hepliaklqana.
  5259 | D:7      | Found an iron altar of Okawaru.
  5341 | D:7      | Reached *** piety under Jiyva
  5341 | D:7      | Gained mutation: Your translucent skin slightly reduces
                  | your foes' accuracy. (Stealth+) [Jiyva's grace]
  5341 | D:7      | Gained mutation: Your translucent skin reduces your foes'
                  | accuracy. (Stealth+) [Jiyva's grace]
  5341 | D:7      | Gained mutation: Your transparent skin significantly
                  | reduces your foes' accuracy. (Stealth+) [Jiyva's grace]
  5341 | D:7      | Gained mutation: Your body has grown eyes which may confuse
                  | attackers. (Acc +3) [Jiyva's grace]
  5378 | D:7      | Identified the +3 leather armour "Hoditt" {Str+2 Dex+4}
  5428 | D:7      | Found a staircase to the Ecumenical Temple.
  5457 | Temple   | Entered the Ecumenical Temple
  6057 | D:8      | Reached **** piety under Jiyva
  6115 | D:8      | Reached skill level 10 in Maces & Flails
  6116 | D:8      | Noticed Maurice
  6130 | D:8      | Maurice stole a staff of air
  6143 | D:8      | Killed Maurice
  6144 | D:8      | Reached XP level 10. HP: 50/80 MP: 10/10
  6284 | D:8      | Identified the +8 spear of the Lettuce {drain, rElec MP+9
                  | Dex-5}
  6336 | D:8      | Reached skill level 1 in Polearms
  6546 | D:8      | Reached skill level 2 in Polearms
  6575 | D:8      | Reached skill level 3 in Polearms
  6692 | D:8      | Reached ***** piety under Jiyva
  6947 | D:8      | Lost mutation: Your transparent skin significantly reduces
                  | your foes' accuracy. (Stealth+) [Jiyva's grace]
  6947 | D:8      | Lost mutation: Your translucent skin reduces your foes'
                  | accuracy. (Stealth+) [Jiyva's grace]
  6947 | D:8      | Gained mutation: Your melee attacks may engulf your foes in
                  | ooze. [Jiyva's grace]
  6947 | D:8      | Gained mutation: Armour fits poorly on your pseudopods.
                  | [Jiyva's grace]
  6947 | D:8      | Gained mutation: Armour fits poorly on your large
                  | pseudopods. [Jiyva's grace]
  6947 | D:8      | Gained mutation: Armour fits poorly on your massive
                  | pseudopods. [Jiyva's grace]
  7328 | D:9      | Reached skill level 4 in Polearms
  7529 | D:9      | Reached skill level 5 in Polearms
  8283 | D:10     | Entered Level 10 of the Dungeon
  8429 | D:10     | Reached XP level 11. HP: 80/89 MP: 11/11
  8513 | D:10     | Noticed a boulder beetle
  8526 | D:10     | Killed a boulder beetle
  8527 | D:10     | Reached skill level 6 in Polearms
  8652 | D:10     | Noticed a two-headed ogre
  8663 | D:10     | Killed a two-headed ogre
  8907 | D:11     | Noticed a boulder beetle
  8914 | D:11     | Killed a boulder beetle
  8915 | D:11     | Reached skill level 10 in Fighting
  8915 | D:11     | Reached skill level 7 in Polearms
  8985 | D:11     | Lost mutation: Your melee attacks may engulf your foes in
                  | ooze. [Jiyva's grace]
  8985 | D:11     | Gained mutation: Your flesh is cold resistant. (rC+)
                  | [Jiyva's grace]
  8985 | D:11     | Gained mutation: Your flesh is very cold resistant. (rC++)
                  | [Jiyva's grace]
  8985 | D:11     | Gained mutation: Your flesh is almost immune to the effects
                  | of cold. (rC+++) [Jiyva's grace]
  8985 | D:11     | Gained mutation: You are covered in slimy tendrils that may
                  | disarm your opponents. [Jiyva's grace]
  9183 | D:11     | Reached skill level 8 in Polearms
  9313 | D:11     | Found a staircase to the Lair.
  9551 | D:11     | Reached ****** piety under Jiyva
  9621 | D:11     | Found a staircase to the Orcish Mines.
  9831 | Lair:1   | Entered Level 1 of the Lair of Beasts
  9933 | Lair:2   | Reached skill level 9 in Polearms
  9949 | Lair:2   | Reached XP level 12. HP: 97/97 MP: 12/12
  9988 | Lair:3   | Noticed Nergalle
 10145 | Lair:4   | Lost mutation: Your flesh is almost immune to the effects
                  | of cold. (rC+++) [Jiyva's grace]
 10145 | Lair:4   | Lost mutation: Your flesh is very cold resistant. (rC++)
                  | [Jiyva's grace]
 10145 | Lair:4   | Gained mutation: You have an increased reservoir of magic.
                  | (+10% MP) [Jiyva's grace]
 10145 | Lair:4   | Gained mutation: You have a considerably increased
                  | reservoir of magic. (+20% MP) [Jiyva's grace]
 10145 | Lair:4   | Gained mutation: You have a greatly increased reservoir of
                  | magic. (+30% MP) [Jiyva's grace]
 10145 | Lair:4   | Lost mutation: Your translucent skin slightly reduces your
                  | foes' accuracy. (Stealth+) [Jiyva's grace]
 10145 | Lair:4   | Gained mutation: Your skin changes colour to match your
                  | surroundings (Stealth+). [Jiyva's grace]
 10169 | Lair:5   | Entered Level 5 of the Lair of Beasts
 10260 | Lair:4   | Reached skill level 10 in Polearms
 10503 | Lair:5   | Reached skill level 11 in Polearms
 10528 | Lair:5   | Noticed a skyshark
 10538 | Lair:5   | Killed a skyshark
 10612 | Lair:5   | Identified the blade talisman of the Present {Fly rF+
                  | Will-}
 10635 | Lair:5   | Reached XP level 13. HP: 103/103 MP: 16/16
 11071 | Lair:5   | Reached skill level 12 in Polearms
 11157 | Lair:5   | Found a hazy altar of Hepliaklqana.
 11619 | Lair:5   | Reached skill level 13 in Polearms
 11658 | Lair:5   | Got an earthy gem with 2071 turns to spare
 11663 | Lair:5   | Identified the +2 leather armour of Fortification {-Cast
                  | rC+ Will+ Regen+}
 11741 | Lair:4   | Lost mutation: You have a greatly increased reservoir of
                  | magic. (+30% MP) [Jiyva's grace]
 11741 | Lair:4   | Lost mutation: Armour fits poorly on your massive
                  | pseudopods. [Jiyva's grace]
 11741 | Lair:4   | Gained mutation: You have a small jelly attached to you
                  | that senses nearby items. [Jiyva's grace]
 11741 | Lair:4   | Gained mutation: You are agile. (Dex +4, Str/Int -1)
                  | [Jiyva's grace]
 11741 | Lair:4   | Gained mutation: You are very agile. (Dex +8, Str/Int -2)
                  | [Jiyva's grace]
 11741 | Lair:4   | Gained mutation: You are strong-willed. (Will+) [Jiyva's
                  | grace]
 11748 | Lair:4   | Found a staircase to the Slime Pits.
 11757 | Slime:1  | Entered Level 1 of the Pits of Slime
 11764 | Slime:2  | Noticed an azure jelly
 11766 | Slime:2  | Noticed an azure jelly
 11792 | Slime:5  | Entered Level 5 of the Pits of Slime
 11795 | Slime:5  | Noticed a rockslime
 11798 | Slime:5  | Noticed an acid blob
 11799 | Slime:5  | Noticed an acid blob
 11799 | Slime:5  | Noticed a quicksilver ooze
 11801 | Slime:5  | Noticed an acid blob
 11805 | Slime:5  | Noticed a rockslime
 11853 | Slime:5  | Noticed a quicksilver ooze
 11854 | Slime:5  | Noticed a quicksilver ooze
 11861 | Slime:5  | Noticed a rockslime
 11862 | Slime:5  | Noticed a rockslime
 11864 | Slime:5  | Noticed an acid blob
 11869 | Slime:5  | Noticed a great orb of eyes
 11870 | Slime:5  | Noticed a great orb of eyes
 11896 | Slime:5  | Noticed an acid blob
 11930 | Slime:5  | Noticed a rockslime
 11937 | Slime:5  | Noticed an acid blob
 11978 | Slime:5  | Noticed an acid blob
 11993 | Slime:5  | Noticed a great orb of eyes
 12000 | Slime:5  | Noticed a great orb of eyes
 12010 | Slime:5  | Noticed a quicksilver ooze
 12011 | Slime:5  | Noticed the Royal Jelly
 12013 | Slime:5  | Found a viscous altar of Jiyva.
 12013 | Slime:5  | Noticed a great orb of eyes
 12015 | Slime:5  | Noticed a quicksilver ooze
 12018 | Slime:5  | Noticed an azure jelly
 12019 | Slime:5  | Noticed an acid blob
 12031 | Slime:5  | Got a starry gem with 328 turns to spare
 12033 | Slime:5  | Got a slimy rune of Zot
 12039 | Slime:5  | Identified the +0 pair of boots of Loucecw {rPois Str+4
                  | Int+3}
 12069 | Slime:5  | Identified the +9 great sword of Mayhem {heavy, Int+4}
 12122 | Slime:5  | Noticed an acid blob
 12122 | Slime:5  | Noticed an acid blob
 12209 | Slime:5  | Identified the ring of Bodieg {Wiz rF+ Int+6}
 12210 | Slime:5  | Identified the ring of Tupnotwi {MP+9 Dex+2 Stlth+}
 12271 | Slime:4  | Noticed a quicksilver ooze
 12295 | Slime:3  | Noticed a quicksilver ooze
 12318 | Slime:3  | Noticed an acid blob
 12357 | Slime:1  | Noticed an acid blob
 12423 | Lair:4   | Reached XP level 14. HP: 110/110 MP: 16/16
 12446 | Lair:4   | Acquired an automatic superwhirligig {Rampage Acrobat rF+
                  | Slay+3}
 12890 | Lair:3   | Killed Nergalle
 12928 | Lair:3   | Identified the +2 orcbow "Wiceth" {freeze, Str+3}
 12964 | Lair:3   | Reached skill level 15 in Maces & Flails
 12984 | Lair:3   | Upgraded the game from 0.32-a0-986-ga09f62fbf4 to
                  | 0.32-a0-995-gb4a59205af
 13825 | Lair:2   | Noticed Amaemon
 13850 | Lair:2   | Killed Amaemon
 14016 | Lair:2   | Lost mutation: You are very agile. (Dex +8, Str/Int -2)
                  | [Jiyva's grace]
 14016 | Lair:2   | Lost mutation: You have a considerably increased reservoir
                  | of magic. (+20% MP) [Jiyva's grace]
 14016 | Lair:2   | Lost mutation: You have a small jelly attached to you that
                  | senses nearby items. [Jiyva's grace]
 14016 | Lair:2   | Gained mutation: You passively map a small area around you.
                  | [Jiyva's grace]
 14016 | Lair:2   | Gained mutation: You passively map the area around you.
                  | [Jiyva's grace]
 14016 | Lair:2   | Gained mutation: You passively map a large area around you.
                  | [Jiyva's grace]
 14016 | Lair:2   | Gained mutation: You have a somewhat thin skeletal
                  | structure. (Dex +2, Stealth+) [Jiyva's grace]
 14020 | Lair:2   | Found a staircase to the Shoals.
 14028 | Lair:2   | Reached skill level 14 in Polearms
 14384 | Lair:2   | Found a hole to the Spider Nest.
 14392 | Lair:2   | Reached skill level 1 in Throwing
 15068 | Lair:1   | Reached skill level 5 in Evocations
 15079 | Lair:1   | Lost mutation: Your skin changes colour to match your
                  | surroundings (Stealth+). [Jiyva's grace]
 15079 | Lair:1   | Lost mutation: You have an increased reservoir of magic.
                  | (+10% MP) [Jiyva's grace]
 15079 | Lair:1   | Lost mutation: You passively map a large area around you.
                  | [Jiyva's grace]
 15079 | Lair:1   | Gained mutation: You have a moderately thin skeletal
                  | structure. (Dex +4, Stealth++) [Jiyva's grace]
 15079 | Lair:1   | Gained mutation: You have an unnaturally thin skeletal
                  | structure. (Dex +6, Stealth+++) [Jiyva's grace]
 15079 | Lair:1   | Gained mutation: Your body has grown many eyes which may
                  | confuse attackers. (Acc +5) [Jiyva's grace]
 15079 | Lair:1   | Gained mutation: Your body is covered in eyes which may
                  | confuse attackers. (Acc +7, SInv) [Jiyva's grace]
 15582 | Orc:1    | Entered Level 1 of the Orcish Mines
 15619 | Orc:1    | Learned a level 5 spell: Irradiate
 15626 | Orc:1    | Found Adau's Book Shop.
 15698 | Orc:2    | Entered Level 2 of the Orcish Mines
 15781 | Orc:1    | Found Qoath's Book Shop.
 16036 | Orc:1    | Found a runed translucent gate.
 16036 | Orc:1    | Identified the +0 chain mail "Daweojina" {Fly rPois}
 16036 | Orc:1    | Identified the +5 sling of Circular Logic {flame, ^Contam
                  | +Blink Str+4 Int+3}
 16036 | Orc:1    | Noticed Calechis's ghost (journeyman VSSh)
 16037 | Orc:1    | Found a runed translucent gate.
 16038 | Orc:1    | Found a runed translucent gate.
 16038 | Orc:1    | Found a roughly hewn altar of Beogh.
 16111 | Orc:1    | Killed Calechis's ghost
 16112 | Orc:1    | Reached XP level 15. HP: 110/117 MP: 15/15
 16279 | Orc:1    | Found a roughly hewn altar of Beogh.
 16369 | Orc:2    | Found a staircase to the Elven Halls.
 16415 | Orc:2    | Found Bazuezof's CLEARANCE SALE!.
 16419 | Orc:2    | Bought a +2 helmet for 66 gold pieces
 16526 | Orc:2    | Lost mutation: You are strong-willed. (Will+) [Jiyva's
                  | grace]
 16526 | Orc:2    | Lost mutation: Your body is covered in eyes which may
                  | confuse attackers. (Acc +7, SInv) [Jiyva's grace]
 16526 | Orc:2    | Lost mutation: Armour fits poorly on your large pseudopods.
                  | [Jiyva's grace]
 16526 | Orc:2    | Lost mutation: You are covered in slimy tendrils that may
                  | disarm your opponents. [Jiyva's grace]
 16526 | Orc:2    | Gained mutation: You are covered in slimy tendrils that may
                  | disarm your opponents. [Jiyva's grace]
 16526 | Orc:2    | Gained mutation: Your mind is acute. (Int +4, Str/Dex -1)
                  | [Jiyva's grace]
 16526 | Orc:2    | Gained mutation: Your mind is very acute. (Int +8, Str/Dex
                  | -2) [Jiyva's grace]
 16526 | Orc:2    | Gained mutation: You have a small jelly attached to you
                  | that may absorb projectiles. [Jiyva's grace]
 16640 | Orc:2    | Found Yluaqea's Armour Shoppe.
 16698 | Orc:2    | Paralysed by something for 2 turns
 16703 | Orc:2    | Reached skill level 5 in Armour
 16733 | Orc:2    | Found a roughly hewn altar of Beogh.
 16747 | Orc:2    | Reached skill level 5 in Dodging
 16767 | Orc:2    | Found Javvy's Magic Scroll Shoppe.
 16800 | Orc:2    | Found Anant's Magic Scroll Emporium.
 16895 | Orc:2    | Found Dali's Assorted Antiques.
 17275 | D:12     | Found Aduskos's Book Emporium.
 17427 | D:12     | Identified a scroll of acquirement
 17466 | D:12     | Found a viscous altar of Jiyva.
 17810 | D:13     | Acquired the +4 hat "Byssepij" {rN+ MP+9 Int+3 Slay+2}
 18324 | D:13     | Lost mutation: You are agile. (Dex +4, Str/Int -1) [Jiyva's
                  | grace]
 18324 | D:13     | Lost mutation: You passively map the area around you.
                  | [Jiyva's grace]
 18324 | D:13     | Lost mutation: Your body has grown many eyes which may
                  | confuse attackers. (Acc +5) [Jiyva's grace]
 18324 | D:13     | Lost mutation: Your body has grown eyes which may confuse
                  | attackers. (Acc +3) [Jiyva's grace]
 18324 | D:13     | Lost mutation: Armour fits poorly on your pseudopods.
                  | [Jiyva's grace]
 18324 | D:13     | Gained mutation: Your body has grown eyes which may confuse
                  | attackers. (Acc +3) [Jiyva's grace]
 18324 | D:13     | Gained mutation: Your body has grown many eyes which may
                  | confuse attackers. (Acc +5) [Jiyva's grace]
 18324 | D:13     | Gained mutation: Your body is covered in eyes which may
                  | confuse attackers. (Acc +7, SInv) [Jiyva's grace]
 18324 | D:13     | Gained mutation: Your muscles are strong. (Str +4, Int/Dex
                  | -1) [Jiyva's grace]
 18651 | D:14     | Noticed Nessos
 18657 | D:14     | Killed Nessos
 18870 | D:14     | Noticed a frost giant
 18879 | D:14     | Killed a frost giant
 18984 | D:14     | Reached XP level 16. HP: 134/134 MP: 16/16
 19017 | D:14     | Found a gate to the Vaults.
 19358 | D:14     | Found a roughly hewn altar of Beogh.
 19516 | D:15     | Entered Level 15 of the Dungeon
 19546 | D:15     | Acquired a +2 demon trident of electrocution
 19710 | D:15     | Reached skill level 15 in Fighting
 19984 | D:15     | Reached skill level 5 in Throwing
 20328 | D:15     | Found a staircase to the Depths.
 20565 | Orc:2    | Bought the +3 plate armour of Integrity {rElec Will+ Str+3}
                  | for 1022 gold pieces
 20613 | Orc:2    | Bought a scroll of enchant weapon for 30 gold pieces
 20747 | Spider:1 | Entered Level 1 of the Spider Nest
 20769 | Spider:1 | Lost mutation: You have an unnaturally thin skeletal
                  | structure. (Dex +6, Stealth+++) [Jiyva's grace]
 20769 | Spider:1 | Gained mutation: Your translucent skin slightly reduces
                  | your foes' accuracy. (Stealth+) [Jiyva's grace]
 20769 | Spider:1 | Gained mutation: Your translucent skin reduces your foes'
                  | accuracy. (Stealth+) [Jiyva's grace]
 20769 | Spider:1 | Gained mutation: Your transparent skin significantly
                  | reduces your foes' accuracy. (Stealth+) [Jiyva's grace]
 20769 | Spider:1 | Gained mutation: You expend magic power (3 MP) to
                  | strengthen your wands. [Jiyva's grace]
 21232 | Spider:1 | Found a runed translucent door.
 21233 | Spider:1 | Noticed Zapaol's ghost (adept AtFi)
 21257 | Spider:1 | Killed Zapaol's ghost
 21264 | Spider:1 | Identified the staff of Inozushra {*Slow rElec rF+ rC++
                  | Air}
 21556 | Spider:2 | Reached skill level 1 in Translocations
 21560 | Spider:2 | Reached skill level 1 in Spellcasting
 22394 | Orc:1    | Bought a book of Cantrips for 208 gold pieces
 22396 | Orc:1    | Learned a level 1 spell: Apportation
 22903 | Spider:3 | Reached skill level 5 in Translocations
 22903 | Spider:3 | Reached XP level 17. HP: 141/142 MP: 21/21
 22917 | Spider:3 | Noticed Roxanne
 23501 | Spider:3 | Killed Roxanne
 23533 | Spider:4 | Entered Level 4 of the Spider Nest
 23829 | Spider:4 | Lost mutation: You have a moderately thin skeletal
                  | structure. (Dex +4, Stealth++) [Jiyva's grace]
 23829 | Spider:4 | Lost mutation: Your muscles are strong. (Str +4, Int/Dex
                  | -1) [Jiyva's grace]
 23829 | Spider:4 | Lost mutation: Your body is covered in eyes which may
                  | confuse attackers. (Acc +7, SInv) [Jiyva's grace]
 23829 | Spider:4 | Lost mutation: Your transparent skin significantly reduces
                  | your foes' accuracy. (Stealth+) [Jiyva's grace]
 23829 | Spider:4 | Gained mutation: Your muscles are strong. (Str +4, Int/Dex
                  | -1) [Jiyva's grace]
 23829 | Spider:4 | Gained mutation: Your muscles are very strong. (Str +8,
                  | Int/Dex -2) [Jiyva's grace]
 23829 | Spider:4 | Gained mutation: You have acidic saliva. [Jiyva's grace]
 23829 | Spider:4 | Gained mutation: You are robust. (+10% HP) [Jiyva's grace]
 23849 | Spider:4 | Noticed Nikola
 23869 | Spider:4 | Slimified Nikola
 23869 | Spider:4 | Nikola changed into Nikola the azure jelly
 23869 | Spider:4 | Noticed Nikola
 24340 | Spider:4 | Identified the +0 hat "Touptud" {Will+ Str+8 Int-4}
 24370 | Spider:4 | Reached skill level 10 in Armour
 24374 | Spider:4 | Got a gossamer rune of Zot
 24645 | Shoals:1 | Entered Level 1 of the Shoals
 24762 | Shoals:1 | Found Xauclom's Weapon Emporium.
 24934 | Shoals:1 | Found a large runed translucent door.
 24934 | Shoals:1 | Found a large runed translucent door.
 24940 | Shoals:1 | Noticed Panea's ghost (adept FoCA)
 25214 | Shoals:1 | Killed Panea's ghost
 25215 | Shoals:1 | Reached XP level 18. HP: 86/168 MP: 23/23
 25218 | Shoals:1 | Got the Commentary on the Smoking Departed
 25322 | Shoals:2 | Noticed Polyphemus
 25657 | Shoals:2 | Noticed Ilsuiw
 25899 | Shoals:2 | Killed Ilsuiw
 26160 | Shoals:2 | Lost mutation: You are robust. (+10% HP) [Jiyva's grace]
 26160 | Shoals:2 | Lost mutation: You have acidic saliva. [Jiyva's grace]
 26160 | Shoals:2 | Lost mutation: You have a small jelly attached to you that
                  | may absorb projectiles. [Jiyva's grace]
 26160 | Shoals:2 | Gained mutation: Armour fits poorly on your pseudopods.
                  | [Jiyva's grace]
 26160 | Shoals:2 | Gained mutation: Armour fits poorly on your large
                  | pseudopods. [Jiyva's grace]
 26160 | Shoals:2 | Gained mutation: Armour fits poorly on your massive
                  | pseudopods. [Jiyva's grace]
 26160 | Shoals:2 | Gained mutation: You have a pair of small antennae on your
                  | head. [Jiyva's grace]
 26578 | Shoals:3 | Found a glacial archway.
 26589 | Shoals:3 | Reached skill level 10 in Evocations
 26599 | IceCv    | Entered an ice cave
 27404 | Shoals:3 | Reached XP level 19. HP: 160/161 MP: 25/25
 27506 | Shoals:3 | Noticed Bai Suzhen
 27671 | Shoals:3 | Killed Bai Suzhen
 28033 | Shoals:4 | Entered Level 4 of the Shoals
 28109 | Shoals:4 | Found Gypn's Overcharged Wands.
 28114 | Shoals:4 | Identified the +5 morningstar "Qidgh" {freeze, rF++ Int-5}
 28172 | Shoals:4 | Lost mutation: You have a somewhat thin skeletal structure.
                  | (Dex +2, Stealth+) [Jiyva's grace]
 28172 | Shoals:4 | Lost mutation: Your flesh is cold resistant. (rC+) [Jiyva's
                  | grace]
 28172 | Shoals:4 | Lost mutation: Your muscles are very strong. (Str +8,
                  | Int/Dex -2) [Jiyva's grace]
 28172 | Shoals:4 | Lost mutation: Your body has grown many eyes which may
                  | confuse attackers. (Acc +5) [Jiyva's grace]
 28172 | Shoals:4 | Lost mutation: Armour fits poorly on your massive
                  | pseudopods. [Jiyva's grace]
 28172 | Shoals:4 | Lost mutation: Your translucent skin reduces your foes'
                  | accuracy. (Stealth+) [Jiyva's grace]
 28172 | Shoals:4 | Lost mutation: You expend magic power (3 MP) to strengthen
                  | your wands. [Jiyva's grace]
 28172 | Shoals:4 | Gained mutation: You have acidic saliva. [Jiyva's grace]
 28172 | Shoals:4 | Gained mutation: Your rubbery body absorbs attacks. (AC +1,
                  | EV +1) [Jiyva's grace]
 28172 | Shoals:4 | Gained mutation: Your pliable body absorbs attacks. (AC +2,
                  | EV +2) [Jiyva's grace]
 28172 | Shoals:4 | Gained mutation: Your gelatinous body deflects attacks. (AC
                  | +3, EV +3) [Jiyva's grace]
 28404 | Shoals:4 | Got a barnacled rune of Zot
 28462 | Shoals:4 | Identified the +4 broad axe "Huesen" {freeze, rN++}
 29859 | Shoals:2 | Killed Polyphemus
 30483 | Elf:1    | Entered Level 1 of the Elven Halls
 30560 | Elf:1    | Reached skill level 15 in Polearms
 30857 | Elf:1    | Identified the +3 ring mail "Asos" {rF- Int+2 Dex+5 Stlth+}
 31348 | Elf:2    | Found Atud's General Store.
 31428 | Elf:2    | Found a runed translucent gate.
 31429 | Elf:2    | Found a runed translucent gate.
 31429 | Elf:2    | Found a runed translucent gate.
 31548 | Elf:2    | Paralysed by an air elemental for 1 turns
 31618 | Elf:2    | Reached XP level 20. HP: 172/172 MP: 26/26
 31783 | Elf:2    | Noticed shadizar's ghost (adept DjCj)
 31784 | Elf:2    | Found a runed translucent door.
 31796 | Elf:2    | Killed shadizar's ghost
 31952 | Elf:2    | Identified the staff of Valiance {Dex+3 Earth}
 32356 | Elf:2    | Lost mutation: You are covered in slimy tendrils that may
                  | disarm your opponents. [Jiyva's grace]
 32356 | Elf:2    | Gained mutation: Your flesh is cold resistant. (rC+)
                  | [Jiyva's grace]
 32356 | Elf:2    | Gained mutation: Your flesh is very cold resistant. (rC++)
                  | [Jiyva's grace]
 32356 | Elf:2    | Gained mutation: Your flesh is almost immune to the effects
                  | of cold. (rC+++) [Jiyva's grace]
 32356 | Elf:2    | Gained mutation: You are strong-willed. (Will+) [Jiyva's
                  | grace]
 32388 | Elf:2    | Noticed Saint Roka
 32506 | Elf:2    | Killed Saint Roka
 32653 | Elf:3    | Entered Level 3 of the Elven Halls
 32785 | Elf:3    | Reached skill level 15 in Evocations
 32852 | Elf:3    | Found Kistacs's Distillery.
 32863 | Elf:3    | Reached skill level 16 in Polearms
 33341 | Elf:3    | Identified the +10 mace "Woj Fess" {heavy, Dex+7}
 33366 | Elf:3    | Paralysed by an air elemental for 1 turns
 33370 | Elf:3    | Identified the +7 scimitar "Giantbane" {heavy, rElec Dex+3}
 33387 | Elf:3    | Identified the ring "Jedeola" {Fly Int-5 Dex+3 Slay+4}
 33414 | Elf:3    | Identified the +0 plate armour of Submission {rPois Will+
                  | Regen+}
 33414 | Elf:3    | Identified the ring "Fociqit" {rN+ Int+6 Dex+3}
 33434 | Elf:3    | Identified the +0 shortbow "Toivymux" {heavy, Fly rC+ SInv}
 33448 | Elf:3    | Acquired 305 gold pieces
 33449 | Elf:3    | Got the Grimoire of Assaults
 33743 | Vaults:1 | Entered Level 1 of the Vaults
 33862 | Vaults:1 | Identified the +12 glaive "Wipodigeir" {antimagic, Dex+3}
 33968 | Vaults:1 | Reached skill level 17 in Polearms
 33975 | Vaults:1 | Reached XP level 21. HP: 160/182 MP: 27/27
 34409 | Vaults:1 | Identified the +7 shortbow "Rutomicw" {freeze, rPois Dex+2}
 34590 | Vaults:1 | You fall into a shaft and drop 1 floor!
 34734 | Vaults:2 | Lost mutation: Your flesh is almost immune to the effects
                  | of cold. (rC+++) [Jiyva's grace]
 34734 | Vaults:2 | Lost mutation: Your muscles are strong. (Str +4, Int/Dex
                  | -1) [Jiyva's grace]
 34734 | Vaults:2 | Lost mutation: Your gelatinous body deflects attacks. (AC
                  | +3, EV +3) [Jiyva's grace]
 34734 | Vaults:2 | Lost mutation: Armour fits poorly on your large pseudopods.
                  | [Jiyva's grace]
 34734 | Vaults:2 | Lost mutation: Armour fits poorly on your pseudopods.
                  | [Jiyva's grace]
 34734 | Vaults:2 | Gained mutation: You have hidden genetic potential.
                  | [Jiyva's grace]
 34734 | Vaults:2 | Gained mutation: You have great hidden genetic potential.
                  | [Jiyva's grace]
 34734 | Vaults:2 | Gained mutation: Your flesh is heat resistant. (rF+)
                  | [Jiyva's grace]
 34734 | Vaults:2 | Gained mutation: Your flesh is very heat resistant. (rF++)
                  | [Jiyva's grace]
 35404 | Vaults:1 | Noticed Donald
 35414 | Vaults:1 | Killed Donald
 35695 | Vaults:1 | Identified the +2 robe of the Armadillo {Harm SInv}
 35695 | Vaults:1 | Noticed Boris
 35708 | Vaults:1 | Killed Boris
 35709 | Vaults:1 | Reached skill level 18 in Polearms
 36141 | Elf:3    | Bought 2 potions of experience for 1400 gold pieces
 36142 | Elf:3    | Reached XP level 22. HP: 190/190 MP: 28/28
 36143 | Elf:3    | Reached XP level 23. HP: 196/196 MP: 29/29
 36548 | Vaults:2 | Identified the +7 arbalest "Xeshren" {heavy, rElec rCorr
                  | Int+5}
 36685 | Vaults:2 | Found a staircase to the Crypt.
 36917 | Vaults:2 | Reached XP level 24. HP: 204/204 MP: 29/29
 37184 | Vaults:3 | Noticed Xtahua
 37212 | Vaults:3 | Killed Xtahua
 37288 | Vaults:3 | Reached skill level 5 in Alchemy
 37464 | Vaults:3 | Reached skill level 5 in Spellcasting
 37709 | Vaults:3 | Gained mutation: You are partially covered in iridescent
                  | scales. (AC +2) [hidden potential]
 37800 | Vaults:3 | Lost mutation: Your flesh is very cold resistant. (rC++)
                  | [Jiyva's grace]
 37800 | Vaults:3 | Lost mutation: Your flesh is very heat resistant. (rF++)
                  | [Jiyva's grace]
 37800 | Vaults:3 | Lost mutation: You passively map a small area around you.
                  | [Jiyva's grace]
 37800 | Vaults:3 | Lost mutation: Your pliable body absorbs attacks. (AC +2,
                  | EV +2) [Jiyva's grace]
 37800 | Vaults:3 | Lost mutation: Your translucent skin slightly reduces your
                  | foes' accuracy. (Stealth+) [Jiyva's grace]
 37800 | Vaults:3 | Lost mutation: You have great hidden genetic potential.
                  | [Jiyva's grace]
 37800 | Vaults:3 | Gained mutation: Your spells are a little harder to cast,
                  | but a little more powerful. [Jiyva's grace]
 37800 | Vaults:3 | Gained mutation: Your spells are harder to cast, but more
                  | powerful. [Jiyva's grace]
 37800 | Vaults:3 | Gained mutation: Your spells are much harder to cast, but
                  | much more powerful. [Jiyva's grace]
 37800 | Vaults:3 | Gained mutation: Your melee attacks may engulf your foes in
                  | ooze. [Jiyva's grace]
 37843 | Vaults:3 | Noticed Margery
 37925 | Vaults:3 | Killed Margery
 38008 | Vaults:3 | Reached skill level 10 in Dodging
 38087 | Vaults:3 | Reached skill level 5 in Conjurations
 38143 | Vaults:3 | Found Vuzaytot's Jewellery Shoppe.
 38153 | Vaults:3 | Found Owiomuca's Weapon Shop.
 38164 | Vaults:3 | Found Fuurakk's Jewellery Shoppe.
 38257 | Vaults:3 | Found Viryjike's Magic Scroll Shop.
 38377 | Vaults:3 | Found Gail's Weapon Shoppe.
 39509 | Depths:1 | Entered Level 1 of the Depths
 39715 | Depths:1 | Found a gateway to Hell.
 39739 | Depths:1 | Found Walugeucw's Book Shop.
 39749 | Depths:1 | Lost mutation: You are partially covered in iridescent
                  | scales. (AC +2) [Jiyva's grace]
 39749 | Depths:1 | Lost mutation: Your flesh is heat resistant. (rF+) [Jiyva's
                  | grace]
 39749 | Depths:1 | Lost mutation: You are strong-willed. (Will+) [Jiyva's
                  | grace]
 39749 | Depths:1 | Lost mutation: Your spells are much harder to cast, but
                  | much more powerful. [Jiyva's grace]
 39749 | Depths:1 | Lost mutation: Your body has grown eyes which may confuse
                  | attackers. (Acc +3) [Jiyva's grace]
 39749 | Depths:1 | Lost mutation: You have hidden genetic potential. [Jiyva's
                  | grace]
 39749 | Depths:1 | Gained mutation: Armour fits poorly on your pseudopods.
                  | [Jiyva's grace]
 39749 | Depths:1 | Gained mutation: Armour fits poorly on your large
                  | pseudopods. [Jiyva's grace]
 39749 | Depths:1 | Gained mutation: Armour fits poorly on your massive
                  | pseudopods. [Jiyva's grace]
 39749 | Depths:1 | Gained mutation: You are partially covered in iridescent
                  | scales. (AC +2) [Jiyva's grace]
 40286 | Depths:1 | Found the +9 sword of Zonguldrok {reap}
 40509 | Depths:2 | Reached XP level 25. HP: 165/210 MP: 32/32
 40709 | Depths:2 | Identified the +6 hand axe of Ujeog {venom, rElec Str+2}
 41094 | Depths:2 | Found a one-way gate leading to the halls of Pandemonium.
 41352 | Depths:2 | Identified the +9 demon blade "Urhokaeff" {drain, Dex+4}
 41468 | Depths:2 | Gained mutation: You are clumsy. (Dex -2) [a shining eye]
 41543 | Depths:2 | Found a one-way gate to the infinite horrors of the Abyss.
 41606 | Depths:2 | Identified the +6 shortbow "Omiyll Weada" {freeze, rF+
                  | Str+3 Dex+3}
 41915 | Depths:3 | Found a one-way gateway to a ziggurat.
 42246 | Depths:3 | Found a basalt altar of Yredelemnul.
 42305 | Depths:3 | Found a runed translucent door.
 42317 | Depths:3 | Found a runed translucent door.
 42464 | Depths:3 | Identified the ring "Ohok" {rElec rC+ Will+ Dex+3 Slay-5}
 42638 | Depths:3 | Lost mutation: Your spells are harder to cast, but more
                  | powerful. [Jiyva's grace]
 42638 | Depths:3 | Gained mutation: Your translucent skin slightly reduces
                  | your foes' accuracy. (Stealth+) [Jiyva's grace]
 42638 | Depths:3 | Gained mutation: Your translucent skin reduces your foes'
                  | accuracy. (Stealth+) [Jiyva's grace]
 42638 | Depths:3 | Gained mutation: Your transparent skin significantly
                  | reduces your foes' accuracy. (Stealth+) [Jiyva's grace]
 42638 | Depths:3 | Gained mutation: You expend magic power (3 MP) to
                  | strengthen your wands. [Jiyva's grace]
 42658 | Depths:3 | Reached skill level 10 in Alchemy
 42796 | Depths:3 | Found a corrupted altar of Lugonu.
 43131 | Depths:3 | Reached skill level 19 in Polearms
 43374 | Depths:4 | Entered Level 4 of the Depths
 43419 | Depths:4 | Found Kieraonk's Book Shoppe.
 43420 | Depths:4 | Found Tedwe's Jewellery Shop.
 43421 | Depths:4 | Found Eseto's Book Shoppe.
 43721 | Depths:4 | Noticed a juggernaut
 43728 | Depths:4 | Killed a juggernaut
 43920 | Depths:4 | Found a hazy altar of Hepliaklqana.
 43927 | Depths:4 | Reached XP level 26. HP: 218/218 MP: 33/33
 44140 | Depths:4 | Reached skill level 10 in Conjurations
 44165 | Depths:4 | Reached skill level 15 in Armour
 44334 | Depths:4 | Found a gate to the Realm of Zot.
 44698 | Vaults:5 | Entered Level 5 of the Vaults
 44702 | Vaults:5 | Found the +8 trishula "Condemnation" {holy, anguish, *Noise
                  | Fly rN+}
 44928 | Vaults:5 | Reached skill level 20 in Polearms
 45377 | Vaults:5 | Identified the amulet of Rimpobb {Faith Stlth+}
 45429 | Vaults:5 | Lost mutation: You are clumsy. (Dex -2) [Jiyva's grace]
 45429 | Vaults:5 | Lost mutation: Your transparent skin significantly reduces
                  | your foes' accuracy. (Stealth+) [Jiyva's grace]
 45429 | Vaults:5 | Lost mutation: Your translucent skin reduces your foes'
                  | accuracy. (Stealth+) [Jiyva's grace]
 45429 | Vaults:5 | Lost mutation: Your melee attacks may engulf your foes in
                  | ooze. [Jiyva's grace]
 45429 | Vaults:5 | Gained mutation: You are resistant to electric shocks.
                  | (rElec) [Jiyva's grace]
 45429 | Vaults:5 | Gained mutation: You are robust. (+10% HP) [Jiyva's grace]
 45429 | Vaults:5 | Gained mutation: You are very robust. (+20% HP) [Jiyva's
                  | grace]
 45429 | Vaults:5 | Gained mutation: You are extremely robust. (+30% HP)
                  | [Jiyva's grace]
 45467 | Vaults:5 | Noticed a dread lich
 45471 | Vaults:5 | Killed a dread lich
 45680 | Vaults:5 | Identified the +4 robe of Parts Unknown {Fly Str-3 Dex-3
                  | Stlth+}
 45680 | Vaults:5 | Identified the +3 buckler "Eliutz" {Rampage rF+ rCorr}
 45680 | Vaults:5 | Noticed Boris
 45692 | Vaults:5 | Killed Boris
 45898 | Vaults:5 | Noticed an ancient lich
 45900 | Vaults:5 | Killed an ancient lich
 45901 | Vaults:5 | Reached XP level 27. HP: 289/291 MP: 33/33
 45922 | Vaults:5 | Reached skill level 21 in Polearms
 45968 | Vaults:5 | Got a silver rune of Zot
 46410 | Vaults:5 | Identified the +0 flail of the Pill Bug {vamp, rN+ Int+4
                  | Dex+3}
 46730 | D:5      | Bought a potion of haste for 120 gold pieces
 46730 | D:5      | Bought a potion of heal wounds for 60 gold pieces
 46730 | D:5      | Bought a potion of heal wounds for 60 gold pieces
 46730 | D:5      | Bought a potion of invisibility for 96 gold pieces
 46927 | Orc:1    | Bought a book of Minor Magic for 224 gold pieces
 46930 | Orc:1    | Learned a level 2 spell: Blink
 46994 | Orc:2    | Bought a potion of resistance for 40 gold pieces
 47058 | Elf:2    | Bought a scroll of fear for 56 gold pieces
 47058 | Elf:2    | Bought a scroll of blinking for 105 gold pieces
 47058 | Elf:2    | Bought a scroll of enchant armour for 105 gold pieces
 47125 | Orc:2    | Bought a scroll of poison for 60 gold pieces
 47125 | Orc:2    | Bought a scroll of poison for 60 gold pieces
 47125 | Orc:2    | Bought a scroll of revelation for 112 gold pieces
 47125 | Orc:2    | Bought a scroll of revelation for 112 gold pieces
 47125 | Orc:2    | Bought a scroll of teleportation for 45 gold pieces
 47140 | Orc:2    | Bought a scroll of fear for 48 gold pieces
 47140 | Orc:2    | Bought a scroll of immolation for 48 gold pieces
 47140 | Orc:2    | Bought a scroll of fear for 48 gold pieces
 47140 | Orc:2    | Bought a scroll of vulnerability for 48 gold pieces
 47140 | Orc:2    | Bought a scroll of teleportation for 36 gold pieces
 47140 | Orc:2    | Bought a scroll of teleportation for 36 gold pieces
 47333 | D:4      | Bought a scroll of vulnerability for 48 gold pieces
 47333 | D:4      | Bought a scroll of fog for 48 gold pieces
 47592 | Elf:3    | Bought a potion of curing for 42 gold pieces
 47592 | Elf:3    | Bought a potion of curing for 42 gold pieces
 47592 | Elf:3    | Bought a potion of magic for 112 gold pieces
 47592 | Elf:3    | Bought a potion of curing for 42 gold pieces
 47592 | Elf:3    | Bought a potion of magic for 112 gold pieces
 47592 | Elf:3    | Bought a potion of haste for 140 gold pieces
 47857 | Vaults:3 | Bought a scroll of fear for 44 gold pieces
 47857 | Vaults:3 | Bought a scroll of immolation for 44 gold pieces
 47857 | Vaults:3 | Bought a scroll of fear for 44 gold pieces
 47857 | Vaults:3 | Bought a scroll of poison for 44 gold pieces
 47857 | Vaults:3 | Bought a scroll of teleportation for 33 gold pieces
 47857 | Vaults:3 | Bought a scroll of fear for 44 gold pieces
 48154 | Zot:1    | Entered Level 1 of the Realm of Zot
 48154 | Zot:1    | Found the +4 dragonskin cloak {Aegis}
 48154 | Zot:1    | Noticed Tiamat
 48158 | Depths:4 | Slimified Tiamat
 48158 | Depths:4 | Tiamat changed into Tiamat the acid blob
 48158 | Depths:4 | Noticed Tiamat
 48501 | Zot:2    | Found a transporter.
 48503 | Zot:2    | Found a transporter.
 48507 | Zot:2    | Found a transporter.
 48509 | Zot:2    | Found a transporter.
 48545 | Zot:2    | Noticed Muataran's ghost (veteran MiMo)
 48561 | Zot:2    | Found a runed translucent door.
 48584 | Zot:2    | Killed Muataran's ghost
 48879 | Zot:2    | Reached skill level 22 in Polearms
 49907 | Zot:3    | Lost mutation: You are partially covered in iridescent
                  | scales. (AC +2) [Jiyva's grace]
 49907 | Zot:3    | Lost mutation: You are extremely robust. (+30% HP) [Jiyva's
                  | grace]
 49907 | Zot:3    | Lost mutation: Armour fits poorly on your massive
                  | pseudopods. [Jiyva's grace]
 49907 | Zot:3    | Lost mutation: Your translucent skin slightly reduces your
                  | foes' accuracy. (Stealth+) [Jiyva's grace]
 49907 | Zot:3    | Gained mutation: You are covered in slimy tendrils that may
                  | disarm your opponents. [Jiyva's grace]
 49907 | Zot:3    | Gained mutation: Your melee attacks may engulf your foes in
                  | ooze. [Jiyva's grace]
 49907 | Zot:3    | Gained mutation: Your spells are harder to cast, but more
                  | powerful. [Jiyva's grace]
 49907 | Zot:3    | Gained mutation: Your spells are much harder to cast, but
                  | much more powerful. [Jiyva's grace]
 50222 | Zot:4    | Reached skill level 23 in Polearms
 50603 | Zot:5    | Entered Level 5 of the Realm of Zot
 51377 | Zot:5    | Reached skill level 24 in Polearms
 51384 | Zot:5    | Noticed an orb of fire
 51404 | Zot:5    | Killed an orb of fire
 51534 | Zot:5    | Noticed an orb of fire
 51540 | Zot:5    | Lost mutation: You are very robust. (+20% HP) [an orb of
                  | fire]
 51552 | Zot:5    | Killed an orb of fire
 51662 | Zot:5    | Noticed an orb of fire
 51678 | Zot:5    | Killed an orb of fire
 51782 | Zot:5    | Reached skill level 25 in Polearms
 51913 | Zot:5    | Noticed a dread lich
 51920 | Zot:5    | Killed a dread lich
 51930 | Zot:5    | Noticed an orb of fire
 51944 | Zot:5    | Killed an orb of fire
 52171 | Zot:5    | Noticed an orb of fire
 52271 | Zot:5    | Killed an orb of fire
 52370 | Zot:5    | Lost mutation: Your mind is very acute. (Int +8, Str/Dex
                  | -2) [Jiyva's grace]
 52370 | Zot:5    | Lost mutation: You are robust. (+10% HP) [Jiyva's grace]
 52370 | Zot:5    | Lost mutation: You have acidic saliva. [Jiyva's grace]
 52370 | Zot:5    | Gained mutation: Your movements are slightly less
                  | encumbered by armour. (ER -2) [Jiyva's grace]
 52370 | Zot:5    | Gained mutation: Your movements are less encumbered by
                  | armour. (ER -4) [Jiyva's grace]
 52370 | Zot:5    | Gained mutation: Your movements are significantly less
                  | encumbered by armour. (ER -6) [Jiyva's grace]
 52370 | Zot:5    | Gained mutation: You are somewhat resistant to further
                  | mutation. [Jiyva's grace]
 52439 | Zot:5    | Noticed an ancient lich
 52442 | Zot:5    | Killed an ancient lich
 52905 | Zot:3    | Noticed an orb of fire
 52916 | Zot:3    | Killed an orb of fire
 52917 | Zot:3    | Reached skill level 26 in Polearms
 53148 | Zot:3    | Found a shimmering blue altar of Sif Muna.
 54466 | Shoals:4 | Bought a wand of digging (11) for 693 gold pieces
 54945 | Zot:5    | Got the Orb of Zot
 55128 | Depths:3 | Identified the +4 robe of Hoaz {Str+3}
 55128 | Depths:3 | Noticed Boris
 55240 | D:15     | Noticed Nips the pandemonium lord
 55692 | D:4      | Noticed an ancient lich
 55695 | D:4      | Noticed Hawnekk the pandemonium lord
 55804 | D:1      | Reached skill level 27 in Polearms
 55811 | D:$      | Escaped with the Orb!

Illustrated notes

Levels and vault maps discovered:
D:1:      dpeg_arrival_shrine, layout_basic,
          hellmonk_ecumenical_altar_heavens_door
D:2:      layout_rooms, serial_co_window_serial, co_window_corner_a,
          co_window_paths_a, co_window_corner_a, co_window_paths_b,
          co_window_corner_a, co_window_corner_cb, co_window_corner_ca,
          co_window_corner_b, co_window_corner_cb, co_window_paths_d,
          co_window_paths_e, glass_columns_a, glass_columns_b, glass_columns_a,
          glass_columns_a, basic_altar, kennysheep_generic_room_2
D:3:      layout_basic, chequers_serial_rivers_small_3, goddamned_bats,
          uniq_jessica, uniq_grinder
D:4:      layout_loops_corners, serial_shops, shop,
          mainiacjoe_sewer_entry_somewhere_in_here_2,
          nicolae_figureground_sparkle
D:5:      layout_loops_cross, serial_shops, nicolae_shop_waterfront,
          nrook_mini_backslash
D:6:      layout_rooms, minmay_misc_feat_encased, uniq_blork_the_orc
D:7:      layout_basic, gammafunk_temple_overflow_pools,
          minmay_temple_entry_grid, hangedman_misty_isle
D:8:      layout_layer_cave, uniq_maurice
D:9:      layout_gridville
D:10:     layout_roguey
D:11:     layout_loops_corners, grunt_lair_entry_orc_guard_hut,
          hiddenorc1_lemuel
D:12:     layout_cave_pools, serial_shops, shop_fountains, jiyva_altar_1
D:13:     layout_basic
D:14:     minmay_eight_partial_circles, layout_basic, david_vaults_4,
          serial_library_hellmonk_filled_rooms, david_defended_altar_orc,
          uniq_nessos
D:15:     grunt_enter_depths_hoard, layout_basic, serial_bayou_pond_b
Temple:   nicolae_temple_bog_church
Lair:1:   layout_cave_pods, kennysheep_abandoned_house
Lair:2:   layout_hall_layers, nicolae_shoals_entry_roost,
          spider_nest_entry_rubble, uniq_amaemon
Lair:3:   layout_hall_layers, pdpol_lair_neglected_garden, grunt_megastairs_2,
          uniq_nergalle
Lair:4:   layout_regular_city, slime_entry_1
Lair:5:   grunt_lair_end_beastmaster, layout_loops_ring, basic_altar,
          nicolae_lair_grazing_beasts [nicolae_sub_lair_graze_edge,
          nicolae_sub_lair_graze_edge, nicolae_sub_lair_graze_edge,
          nicolae_sub_lair_graze_edge]
Shoals:1: layout_shoals, ebering_ghost_disaster_area, serial_shops,
          nicolae_shop_back_alley_shop
Shoals:2: layout_shoals, uniq_polyphemus, uniq_ilsuiw
Shoals:3: layout_shoals, portal_ice_cave_entry_pillars_2, uniq_bai_suzhen
Shoals:4: shoals_end_grunt_garden, layout_shoals, nicolae_shop_overcharged_wands
Spider:1: layout_spider_delve, ebering_ghost_inner_flame,
          hangedman_spider_tarantella_strand
Spider:2: layout_cave_pods
Spider:3: layout_cave_pods, uniq_roxanne
Spider:4: guppyfry_spider_rune, drop_trap, uniq_nikola
Slime:1:  layout_caves
Slime:2:  layout_caves, cheibrodos_slime_lost_civilization_4
Slime:3:  layout_caves
Slime:4:  layout_caves
Slime:5:  slime_pit_nicolae_royal_road_to_ruin
Orc:1:    layout_caves, biasface_ghost_orc_armoury, basic_altar, serial_shops,
          shop, shop
Orc:2:    st_orc_town, layout_diamond_mine, nicolae_shop_clearance
Elf:1:    layout_geoelf_diagonals, kilobyte_rumbling_trees
Elf:2:    nicolae_elf_blades_crystal_corner, layout_gridlike,
          ebering_ghost_reflecting_pool, serial_shops, nicolae_shop_stone,
          minivault_19, st_stairs_14, uniq_saint_roka
Elf:3:    grunt_elf_hall_asides, layout_rooms, serial_shops, shop
Vaults:1: nicolae_vaults_three_branches, hangedman_vaults_stretched_pinwheel,
          nicolae_vaults_an_arrangement, nicolae_vaults_ninety_degrees,
          nicolae_vaults_big_ls, ontoclasm_vaults_ring_square,
          grunt_vaults_twisty, nicolae_vaults_hexular_roomagon,
          vaults_standard_mumra_enter_the_diamond,
          nicolae_vaults_mini_display_case, layout_vaults_omnigrid, uniq_boris,
          uniq_donald
Vaults:2: nicolae_vaults_trapezoid_3, nicolae_vaults_security_offices_3,
          nicolae_vaults_twisting_passages, minmay_crypt_entry_nasty_monster,
          nicolae_vaults_steering_wheel, nicolae_vaults_diamond_2,
          vaults_room_boxed, hangedman_vaults_corner, v_pattern_1,
          nicolae_vaults_two_Ls, vaults_dpeg_hooks, v_misc_24,
          hangedman_vaults_stream, ontoclasm_vaults_claustrophobia,
          nicolae_vaults_octothorpe, layout_vaults_maze_snakey
Vaults:3: vaults_standard_mumra_lines, serial_ice_b, v_misc_17,
          vaults_dpeg_spiral, nicolae_vaults_prndl, nicolae_vaults_puzzle_piece,
          nicolae_vaults_offset_grid_hallway_4,
          nicolae_vaults_bisected_inception, nicolae_vaults_shelves_hall,
          nicolae_vaults_sesquioval_fish, nicolae_vaults_trapezoid_lopsided_3,
          ontoclasm_vaults_hangar, layout_vaults_omnicross, serial_shops,
          nicolae_shop_bloodbath_and_beyond, nicolae_shop_statue_plus,
          shop_fountains, nicolae_shop_tiny_real_fake_doors, shop, uniq_margery,
          uniq_xtahua
Vaults:4: nicolae_vaults_puzzle_piece, nicolae_vaults_tangram_2,
          hangedman_vaults_maws, nicolae_vaults_sesquioval_fish,
          vaults_mumra_chevron, grunt_vaults_swirl,
          serial_library_hellmonk_angled_corner, vaults_room_door_ring,
          layout_vaults_ring
Vaults:5
Depths:1: layout_roguey, serial_shops, nicolae_shop_real_fake_doors,
          serial_library_hellmonk_u_bend, hell_entry,
          minmay_guarded_unrand_zonguldrok, serial_bayou_shore_b
Depths:2: minmay_blocking_statues, layout_small_grid, hellmouth_2, abyss_entry,
          grunt_pan_entry_spiral, roderic_lattice_a
Depths:3: thingy_vault_2, layout_small_grid, enter_ziggurat_c,
          abyss_entry_flame_altar, pf_hell_entry_tar_spiral,
          corexii_hall_statues_x, nicolae_yredelemnul_corpse_copse
Depths:4: grunt_zot_entry_bicorn, layout_cave_pools, rand_demon_pan_entry_4,
          abyss_entry_small_statue_room, pf_hell_entry_great_geh, st_stairs_14,
          nicolae_hepliaklqana_hazy_memory, serial_bayou_shore_b,
          minmay_shop_grove
Zot:1:    layout_twisted_circle, regret_index_zot_stipple_split, uniq_tiamat
Zot:2:    kennysheep_room_grid, layout_gridlike, hellmonk_ghost_happy_afterlife,
          regret_index_zotdec_under_construction, nicolae_transporter_circle
Zot:3:    layout_twisted_circle, regret_index_zotdec_magical_s
Zot:4:    layout_gridlike, skrybe_zot_glass_3
Zot:5:    layout_basic

Skill      XL: |  1  2  3  4  5  6  7  8  9 10 11 12 13 14 15 16 17 18 19 20 21 22 23 24 25 26 27 |
---------------+----------------------------------------------------------------------------------+-----
Maces & Flails | 3 4 5 6 7 10 11 13 14 15 16 | 16.0
Dodging        | 1 2 3 5 7 9 10 11 | 11.0
Armour         | 1 2 4 5 7 10 11 12 13 14 17 | 17.0
Short Blades   | 1 2 3 |  3.0
Evocations     | 3 4 6 7 9 11 14 15 | 15.0
Fighting       | 4 5 7 8 9 10 14 15 16 17 18 19 20 | 20.0
Polearms       | 5 9 11 13 14 15 17 18 19 20 27 | 27.0
Throwing       | 2 6 |  6.0
Translocations | 5 |  5.0
Spellcasting   | 3 4 6 7 |  7.0
Conjurations   | 2 3 6 9 10 | 10.0
Alchemy        | 3 4 8 11 12 | 12.0
Stealth        | |  1.0
Shapeshifting  | |  1.0

Action                     |  1- 3 |  4- 6 |  7- 9 | 10-12 | 13-15 | 16-18 | 19-21 | 22-24 | 25-27 || total
---------------------------+-------+-------+-------+-------+-------+-------+-------+-------+-------++-------
  Melee: Mace              |    58 |    71 |   365 |       |       |       |   239 |   421 |   418 ||  1572
         Dagger            |    52 |    68 |   324 |     4 |       |       |       |       |       ||   448
         Unarmed           |       |     2 |       |       |       |       |       |       |       ||     2
         Spear             |       |       |       |   391 |   888 |   830 |   566 |       |       ||  2675
         Flail             |       |       |       |   278 |       |       |       |       |       ||   278
         Pseudopods        |       |       |       |    76 |   214 |    45 |   132 |    43 |   457 ||   967
         Trident           |       |       |       |    53 |   864 |    35 |       |       |       ||   952
         Demon trident     |       |       |       |       |       |   811 |   875 |   502 |  1525 ||  3713
         Bite              |       |       |       |       |       |    34 |   109 |   125 |   263 ||   531
         Trishula          |       |       |       |       |       |       |       |       |   997 ||   997
  Throw: Dart              |     2 |     1 |       |       |       |       |       |       |       ||     3
         Stone             |       |       |    10 |    26 |    14 |       |       |       |       ||    50
         Throwing net      |       |       |       |     1 |       |     1 |       |       |       ||     2
         Boomerang         |       |       |       |       |     5 |    33 |    42 |    13 |    39 ||   132
   Cast: Apportation       |       |       |       |       |       |    34 |    34 |     8 |    34 ||   110
         Irradiate         |       |       |       |       |       |       |       |       |     1 ||     1
 Invoke: Oozemancy         |       |       |       |     2 |     6 |    12 |     2 |       |    12 ||    34
         Slimify           |       |       |       |       |       |     1 |       |       |     1 ||     2
Ability: Invent Gizmo      |       |       |       |       |     1 |       |       |       |       ||     1
  Evoke: Wand              |     2 |     2 |     2 |       |     2 |     5 |    19 |     3 |     5 ||    40
         Phantom mirror    |       |       |       |       |     1 |       |     2 |       |       ||     3
         Gell's gravitambo |       |       |       |       |       |     2 |     8 |     3 |     4 ||    17
         Lightning rod     |       |       |       |       |       |       |       |     8 |    10 ||    18
    Use: Scroll            |     1 |     7 |     5 |     4 |    11 |    12 |    16 |     3 |    13 ||    72
         Potion            |       |       |       |       |       |     6 |     8 |     1 |    13 ||    28
   Stab: Sleeping          |     1 |       |       |     5 |     8 |     6 |       |       |       ||    20
         Distracted        |       |       |     1 |     1 |     3 |       |       |     1 |     2 ||     8
         Confused          |       |       |       |     7 |    19 |    23 |     6 |     8 |       ||    63
         Petrified         |       |       |       |       |    29 |       |       |       |       ||    29
         Petrifying        |       |       |       |       |     4 |       |       |       |       ||     4
         Invisible         |       |       |       |       |     2 |     3 |     6 |     1 |       ||    12
         Paralysed         |       |       |       |       |     5 |       |       |       |     3 ||     8
 Armour: Leather armour    |    24 |       |    63 |   178 |   365 |    31 |       |       |       ||   661
         Scale mail        |    14 |    72 |   187 |       |       |       |       |       |       ||   273
         Skin              |       |     1 |    16 |       |       |       |       |       |       ||    17
         Plate armour      |       |       |       |       |       |   545 |   621 |   500 |  1122 ||  2788
         Chain mail        |       |       |       |       |       |       |     7 |       |       ||     7
  Dodge: Dodged            |    38 |    53 |   122 |   134 |   290 |   318 |   422 |   305 |   600 ||  2282

Table legend: (Time is in decaauts)
 A = Elapsed time spent in this place.
 B = Non-inter-level travel time spent in this place.
 C = Inter-level travel time spent in this place.
 D = Time resting spent in this place.
 E = Time spent auto-exploring this place.
 F = Levels seen in this place.
 G = Mean time per level.
                   A        B        C        D        E       F      G
               +--------+--------+--------+--------+--------+-----+--------+
         Total |  54296 |  46749 |   7547 |   1668 |  28894 |  55 |  987.2 |
       Dungeon |  14779 |  12105 |   2674 |    200 |   8415 |  15 |  985.3 |
        Temple |     29 |     29 |      0 |     28 |      0 |   1 |   29.0 |
          Lair |   5170 |   4645 |    525 |    106 |   2574 |   5 | 1034.0 |
        Shoals |   5280 |   4890 |    390 |    323 |   3212 |   4 | 1320.0 |
   Spider Nest |   3478 |   3126 |    352 |     59 |   2166 |   4 |  869.5 |
    Slime Pits |    607 |    454 |    153 |      0 |    341 |   5 |  121.4 |
  Orcish Mines |   2231 |   1320 |    911 |     11 |    482 |   2 | 1115.5 |
   Elven Halls |   3236 |   2784 |    452 |     82 |   1500 |   3 | 1078.7 |
        Vaults |   7230 |   6538 |    692 |    220 |   3694 |   5 | 1446.0 |
        Depths |   5521 |   4716 |    805 |    127 |   2907 |   4 | 1380.2 |
           Zot |   5831 |   5242 |    589 |    476 |   3252 |   5 | 1166.2 |
         Sewer |    374 |    374 |      0 |      0 |    151 |   1 |  374.0 |
      Ice Cave |    527 |    527 |      0 |     32 |    197 |   1 |  527.0 |
               +--------+--------+--------+--------+--------+-----+--------+

Top non-repeatable levels by time:
   Zot:5: 1998 daAuts
Depths:3: 1753 daAuts
Vaults:1: 1591 daAuts
   Orc:2: 1591 daAuts
Vaults:3: 1557 daAuts
Vaults:5: 1514 daAuts
Vaults:2: 1465 daAuts
     D:8: 1454 daAuts
   Elf:2: 1439 daAuts
    D:11: 1435 daAuts
Shoals:2: 1434 daAuts
Depths:2: 1341 daAuts
Shoals:1: 1310 daAuts
  Lair:5: 1285 daAuts
Shoals:4: 1281 daAuts
